 Dungeon Crawl Stone Soup version 0.30-a0-390-g80c34de65d (webtiles) character file.

Game seed: 3545192934542195592

558 purpskrrrp the Shooter (level 7, -3/55 HPs)
             Began as a Formicid Hunter on Dec 4, 2022.
             Succumbed to a scorpion's poison
             ... on level 4 of the Dungeon.
             The game lasted 00:06:26 (3525 turns).

purpskrrrp the Shooter (Formicid Hunter)            Turns: 3525, Time: 00:06:26

Health: -3/55      AC:  3    Str: 21    XL:     7   Next: 56%
Magic:  7/7        EV: 12    Int:  9    God:
Gold:   213        SH:  5    Dex: 25    Spells: 6/6 levels left

rFire   . . .      SeeInvis +    a - +0 shortbow (flame)
rCold   . . .      Faith    .    e - +0 buckler
rNeg    . . .      Spirit   .    c - +0 leather armour
rPois   .          Reflect  .    (helmet unavailable)
rElec   .          Harm     .    (no cloak)
rCorr   .          Rampage  .    (no gloves)
Will    .....                    (no boots)
Stlth   +++.......               v - amulet of the acrobat
HPRegen 0.29/turn                f - +6 ring of strength
MPRegen 0.10/turn                r - +6 ring of dexterity

@: lethally poisoned (-3 -> -17)
A: permanent stasis, dig shafts and tunnels, antennae 3, four strong arms
a: Dig, Shaft Self


You were on level 4 of the Dungeon.
You visited 1 branch of the dungeon, and saw 5 of its levels.

You collected 213 gold pieces.

Inventory:

Hand Weapons
 a - a +0 shortbow of flaming (weapon)
Armour
 c - a +0 leather armour (worn)
 e - a +0 buckler (worn)
Jewellery
 f - a +6 ring of strength (left hand)
 i - an amulet of faith
 j - a ring of magical power
 l - a +6 ring of strength
 r - a +6 ring of dexterity (right hand)
 u - a ring of magical power
 v - an amulet of the acrobat (around neck)
Wands
 t - a wand of digging (10)
Scrolls
 b - 2 scrolls of immolation
 m - 3 scrolls of magic mapping
 p - a scroll of amnesia
 q - a scroll of vulnerability
Potions
 g - a potion of mutation
 h - 2 potions of haste
 o - 3 potions of brilliance
 w - a potion of attraction


   Skills:
 + Level 4.6 Fighting
 + Level 5.4 Ranged Weapons
 + Level 3.7 Armour
 - Level 1.9 Dodging
 + Level 4.9 Stealth


You had 6 spell levels left.
You didn't know any spells.
Your spell library contained the following spells:

 Spells                   Type           Power      Damage    Failure   Level
 Sting                    Tmut/Pois      0%         1d3       52%         1
 Poisonous Vapours        Pois/Air       0%         N/A       65%         2
 Olgreb's Toxic Radiance  Pois           0%         N/A       99%         4


Dungeon Overview and Level Annotations

Branches:
Dungeon (5/15)
 Temple: D:4-7

Altars:
Qazlal
Yredelemnul

Shops:
D:1 ?

Annotations:
D:5 Eustachio


Innate Abilities, Weirdness & Mutations

You cannot be hasted, slowed, berserked, paralysed or teleported.
You can dig through walls and to a lower floor.
You have a pair of large antennae on your head. (SInv)
Your four strong arms can wield two-handed weapons with a shield.


Message History

The scorpion poisons you! The scorpion closely misses you.
You feel better. You block the scorpion's attack.
Okay, then.
Okay, then.
Okay, then.
Okay, then.
Non-targeted abil: Dig
Press: ? - help, Q - select action, (/) - cycle Dir - look around, f - activate
Okay, then.
Fire: a) +0 shortbow (flame)
Press: ? - help, Shift-Dir - straight line, f/p - scorpion
Aim: a scorpion (lightly wounded, 68% to hit)
You shoot an arrow. The arrow barely misses the scorpion.
The scorpion stings you.
* * * LOW HITPOINT WARNING * * *
You are poisoned.
The scorpion poisons you! The scorpion stings you.
* * * LOW HITPOINT WARNING * * *
Fire: a) +0 shortbow (flame)
Press: ? - help, Shift-Dir - straight line, f/p - scorpion
Aim: a scorpion (lightly wounded, 68% to hit)
You shoot an arrow. The arrow closely misses the scorpion.
You feel very sick. The scorpion closely misses you.
Fire: a) +0 shortbow (flame)
Press: ? - help, Shift-Dir - straight line, f/p - scorpion
Aim: a scorpion (lightly wounded, 68% to hit)
You shoot an arrow. The arrow hits the scorpion!
The arrow burns the scorpion.
The scorpion is severely wounded.
You feel sick. The scorpion stings you.
* * * LOW HITPOINT WARNING * * *
You are lethally poisoned!
The scorpion poisons you! The scorpion stings you.
* * * LOW HITPOINT WARNING * * *
Fire: a) +0 shortbow (flame)
Press: ? - help, Shift-Dir - straight line, f/p - scorpion
Aim: a scorpion (severely wounded, 68% to hit)
You shoot an arrow. The arrow hits the scorpion!
The arrow burns the scorpion.
You kill the scorpion!
You die...

######..#
#.###.#.###.#.#####.#
#..# #.##.###.##.#.#
#.# #..# #.#.##
##.#.#.#####.# #..#
#..## ##..........#
##..####.#.##
##.#.#.#######
#......#.##.###.##.#.#
#...##.......#.......#
#...####.####.###.####
#####...# #....@.# #.#
........# ######## #.#
#####.#.# #.#
......#.# #.#
........# #.#
######### #########.#
##### #.........#
....# #.#########
###.# #.#


There were no monsters in sight!

Vanquished Creatures
  Sigmund (D:3)
  An ice beast (D:5)
  A scorpion (D:4)
  2 hounds (D:5)
  A jelly (D:4)
  Jessica (D:2)
  An orc wizard (D:3)
  Ijyb (D:4)
  Natasha (D:2)
  4 adders
  2 worms (D:3)
  3 dart slugs
  3 orcs
  11 endoplasms
  10 goblins
  8 hobgoblins
  3 quokkas
  7 ball pythons
  7 bats
  3 frilled lizards
  8 kobolds
  3 rats
82 creatures vanquished.

Notes
Turn   | Place    | Note
-------+----------+-------------------------------------------
     0 | D:1      | purpskrrrp the Formicid Hunter began the quest for the Orb.
     0 | D:1      | Reached XP level 1. HP: 16/16 MP: 1/1
    69 | D:1      | Reached XP level 2. HP: 22/23 MP: 2/2
   327 | D:1      | Found Eledghupa's Magic Scroll Shop.
   348 | D:1      | Reached XP level 3. HP: 28/28 MP: 3/3
   817 | D:2      | Reached skill level 1 in Armour
  1056 | D:2      | Reached XP level 4. HP: 31/34 MP: 4/4
  1342 | D:2      | Noticed Jessica
  1345 | D:2      | Noticed Natasha
  1352 | D:2      | Killed Natasha
  1355 | D:2      | Killed Jessica
  1356 | D:2      | Reached XP level 5. HP: 4/41 MP: 5/5
  1819 | D:3      | Noticed Sigmund
  2041 | D:3      | Killed Sigmund
  2042 | D:3      | Reached skill level 5 in Ranged Weapons
  2042 | D:3      | Reached XP level 6. HP: 48/48 MP: 6/6
  2286 | D:3      | Found a basalt altar of Yredelemnul.
  2343 | D:3      | Found a stormy altar of Qazlal.
  2345 | D:3      | Noticed an air elemental
  2347 | D:3      | Noticed a water elemental
  2347 | D:3      | Noticed a fire elemental
  2933 | D:4      | Reached XP level 7. HP: 54/54 MP: 7/7
  3109 | D:4      | Noticed Ijyb
  3117 | D:4      | Killed Ijyb
  3462 | D:5      | Entered Level 5 of the Dungeon
  3462 | D:5      | Noticed Eustachio
  3524 | D:4      | HP: 1/55 [scorpion (5)]
  3525 | D:4      | Succumbed to a scorpion's poison

Illustrated notes

Levels and vault maps discovered:
D:1:      saegor_arrival_miasma, layout_basic, serial_shops, shop
D:2:      layout_basic, uniq_jessica, uniq_natasha
D:3:      minmay_evil_eye, layout_loops_cross, mainiacjoe_overflow_brackets,
          nicolae_qazlal_style_of_elements, uniq_sigmund
D:4:      layout_loops_ring, uniq_ijyb
D:5:      layout_cave_pools, hangedman_abyss_or_decor_stagger, uniq_eustachio,
          uniq_duvessa

Skill      XL: |  1  2  3  4  5  6 |
---------------+-------------------+-----
Stealth        | 2 3 4 |  4.9
Armour         | 1 2 3 |  3.7
Fighting       | 3 4 |  4.6
Ranged Weapons | 5 |  5.4
Dodging        | |  1.9

Action                   |  1- 3 |  4- 6 |  7- 9 || total
-------------------------+-------+-------+-------++-------
 Fire: Shortbow          |    86 |   122 |    37 ||   245
 Abil: Dig               |     1 |       |       ||     1
  Use: Scroll            |       |     1 |     9 ||    10
       Potion            |       |       |     2 ||     2
Armor: Leather armour    |     8 |     9 |     2 ||    19
Dodge: Dodged            |    23 |    24 |    12 ||    59
Block: Buckler           |     2 |     4 |     6 ||    12

Table legend: (Time is in decaauts)
 A = Elapsed time spent in this place.
 B = Non-inter-level travel time spent in this place.
 C = Inter-level travel time spent in this place.
 D = Time resting spent in this place.
 E = Time spent auto-exploring this place.
 F = Levels seen in this place.
 G = Mean time per level.
                   A        B        C        D        E       F      G
               +--------+--------+--------+--------+--------+-----+--------+
         Total |   3601 |   3417 |    184 |    647 |   2215 |   5 |  720.2 |
       Dungeon |   3601 |   3417 |    184 |    647 |   2215 |   5 |  720.2 |
               +--------+--------+--------+--------+--------+-----+--------+

Top non-repeatable levels by time:
     D:3: 970 daAuts
     D:4: 943 daAuts
     D:2: 919 daAuts
     D:1: 749 daAuts
     D:5: 18 daAuts
